 Dungeon Crawl Stone Soup version 0.19-a0-1851-g3228ea0 (webtiles) character file.

109 varam the Firebug (level 4, 0/24 HPs)
             Began as a Deep Elf Fire Elementalist on Oct 10, 2016.
             Slain by an adder (4 damage)
             ... on level 2 of the Dungeon.
             The game lasted 00:08:55 (1939 turns).

varam the Firebug (Deep Elf Fire Elementalist)      Turns: 1939, Time: 00:08:55

Health: 0/24       AC:  2    Str:  5    XL:     4   Next: 60%
Magic:  0/12       EV: 13    Int: 21    God:
Gold:   164        SH:  0    Dex: 15    Spells: 3 memorised, 5 levels left

rFire  . . .     SeeInvis .     h - +0 dagger
rCold  . . .     Gourm    .     a - +0 robe
rNeg   . . .     Faith    .     (no shield)
rPois  .         Spirit   .     (no helmet)
rElec  .         Dismiss  .     (no cloak)
rCorr  .         Reflect  .     (no gloves)
MR     .....     Harm     .     (no boots)
Stlth  ++........               (no amulet)
                                (no ring)
                                (no ring)

@: no status effects
A: no striking features
a: no special abilities


You were on level 2 of the Dungeon.
You were not hungry.

You visited 1 branch of the dungeon, and saw 3 of its levels.

You collected 164 gold pieces.

Inventory:

Hand Weapons
 h - a +0 dagger (weapon)
Armour
 a - a +0 robe (worn)
 d - a +0 cloak
Jewellery
 l - a cursed -6 ring of strength {unknown}
 n - an uncursed ring of see invisible {unknown}
Scrolls
 g - 2 scrolls of recharging {unknown}
 i - a scroll of noise {unknown}
 k - a scroll of amnesia {unknown}
 p - 2 scrolls of remove curse {unknown}
Potions
 e - a potion of resistance {unknown}
 f - 2 potions of flight {unknown}
 j - 2 potions of curing {unknown}
 m - a potion of haste {unknown}
 r - a potion of brilliance {unknown}
Books
 b - a book of Flames

   Spells                             Type                      Level
   a - Flame Tongue                   Conjuration/Fire             1
   b - Throw Flame                    Conjuration/Fire             2
   c - Conjure Flame                  Conjuration/Fire             3
   d - Inner Flame                    Hexes/Fire                   3
   e - Sticky Flame                   Conjuration/Fire             4
   f - Fireball                       Conjuration/Fire             5
Comestibles
 c - 2 bread rations
 o - 4 fruits


   Skills:
 - Level 2.4 Dodging
 - Level 2.4 Stealth
 + Level 4.1 Spellcasting
 + Level 2.5 Conjurations
 * Level 4.8 Fire Magic


You had 5 spell levels left.
You knew the following spells:

 Your Spells              Type           Power        Failure   Level  Hunger
a - Flame Tongue          Conj/Fire      ###..        2%          1    None
b - Conjure Flame         Conj/Fire      ###.....     10%         3    ###....
c - Throw Flame           Conj/Fire      ###...       4%          2    #......


Dungeon Overview and Level Annotations

Branches:
Dungeon (3/15)

Altars:
Fedhas


Message History

The hobgoblin shouts!
A leopard gecko comes into view.
The adder bites you.
* * * LOW HITPOINT WARNING * * *
A jackal comes into view.
There is a stone staircase leading up here.
The adder barely misses you. The hobgoblin closely misses you.
The adder barely misses you.
You climb upwards.
A rat comes into view.
There is a stone staircase leading down here.
Casting: Flame Tongue
Confirm with . or Enter, or press ? or * to list all spells.
Aiming: Flame Tongue
Press: ? - help, Shift-Dir - straight line, f - adder
Aim: an adder The flame tongue hits the adder.
The adder is heavily wounded.
The hobgoblin closely misses you. The adder bites you.
You die...

...>.....###..........##.#
###.##.......#####.##.##.#
#.##...###.#####....##.#
#.###..# #.............#
#.# #..# #######..#.####
###.# #..# #..#.#########
....# #..######
#..#.......... ....#
#.......####..#..########
###.#
#.#####..S@gr.#..#####
###.###.#
######.##......###
#.(...#.# #...........#
#.###)#.# #####.###.#.#
..# #...# ##.###.#.#
#.###.### ##...##.#.##
#.....# ###.#.#.#....##
###..## #.....##......#
##.# #.............##


You could see an adder, a hobgoblin and a rat.

Vanquished Creatures
  A hound (D:3)
  2 adders (D:2)
  A gnoll (D:2)
  2 oozes
  A leopard gecko (D:2)
  12 goblins
  4 hobgoblins
  3 jackals (D:2)
  4 bats
  2 frilled lizards (D:1)
  5 kobolds
  5 rats
42 creatures vanquished.

Notes
Turn   | Place    | Note
-------+----------+-------------------------------------------
     0 | D:1      | varam the Deep Elf Fire Elementalist began the quest for the Orb.
     0 | D:1      | Reached XP level 1. HP: 10/10 MP: 6/6
   287 | D:1      | Reached XP level 2. HP: 15/15 MP: 0/8
   305 | D:1      | Learned a level 2 spell: Throw Flame
  1173 | D:2      | Reached XP level 3. HP: 19/19 MP: 2/10
  1249 | D:2      | Found a blossoming altar of Fedhas.
  1469 | D:3      | Learned a level 3 spell: Conjure Flame
  1713 | D:2      | Reached XP level 4. HP: 24/24 MP: 1/11
  1939 | D:2      | Slain by an adder

Vault maps used:
D:1:      nagdon_arrival_double_spiral
D:2:      fedhas_altar_fruit_tree
D:3:      first_bread, minmay_crystal_room

Skill      XL: |  1  2  3  4 |
---------------+-------------+-----
Fire Magic     | 4 |  4.8
Conjurations   | 2 |  2.5
Spellcasting   | 4 |  4.1
Dodging        | |  2.4
Stealth        | |  2.4

Action                   |  1- 3 |  4- 6 || total
-------------------------+-------+-------++-------
Melee: Dagger            |       |     4 ||     4
 Cast: Flame Tongue      |    40 |     5 ||    45
       Throw Flame       |    23 |     6 ||    29
       Conjure Flame     |       |     1 ||     1
  Eat: Chunk             |     3 |     1 ||     4
Armor: Robe              |     4 |     1 ||     5
Dodge: Dodged            |    12 |    10 ||    22
